 Dungeon Crawl Stone Soup version 0.19.5 (webtiles) character file.

435 Jerry the Magician (level 6, -1/41 HPs)
             Began as a Mummy Wizard on Apr 27, 2017.
             Was an Initiate of Sif Muna.
             Slain by a gnoll
             ... wielding a +0 spear
              (10 damage)
             ... on level 4 of the Dungeon.
             The game lasted 00:21:17 (5399 turns).

Jerry the Magician (Mummy Wizard)                   Turns: 5399, Time: 00:21:17

Health: -1/41      AC:  2    Str: 11    XL:     6   Next: 68%
Magic:  12/13      EV: 12    Int: 19    God:    Sif Muna [......]
Gold:   223        SH:  0    Dex: 10    Spells: 2 memorised, 12 levels left

rFire  x x .     SeeInvis .     g - +1 hand axe (freeze)
rCold  + + .     Gourm    .     a - +0 robe
rNeg   + + +     Faith    .     (no shield)
rPois  ∞         Spirit   .     b - +0 hat
rElec  .         Reflect  .     (no cloak)
rCorr  .         Harm     .     (no gloves)
MR     .....                    (no boots)
Stlth  ++........               (no amulet)
                                e - ring of ice
                                (no ring)

@: about to teleport
A: no food or potions, fire vulnerability, cold resistance 1, negative energy
resistance 3, torment resistance, unbreathing
a: Renounce Religion


You were on level 4 of the Dungeon.
You worshipped Sif Muna.
Sif Muna was noncommittal.
You were not hungry.

You visited 1 branch of the dungeon, and saw 4 of its levels.

You collected 223 gold pieces.

Inventory:

Hand Weapons
 g - a +1 hand axe of freezing (weapon)
 o - a +0 scythe
Armour
 a - a +0 robe (worn)
 b - a +0 hat (worn)
Jewellery
 e - a ring of ice (right hand)
Wands
 p - a wand of flame (19/48)
Scrolls
 d - a scroll of magic mapping {unknown}
 f - 2 scrolls of teleportation
 h - 3 scrolls of identify
 i - 2 scrolls of remove curse {unknown}
 j - 2 scrolls of noise {unknown}
 k - a scroll of amnesia {unknown}
 m - a scroll of enchant armour {unknown}
 n - a scroll of blinking {unknown}
Books
 c - a book of Minor Magic

   Spells                             Type                      Level
   a - Magic Dart                     Conjuration                  1
   b - Blink                          Translocation                2
   c - Call Imp                       Summoning                    2
   d - Repel Missiles                 Charms/Air                   2
   e - Slow                           Hexes                        2
   f - Conjure Flame                  Conjuration/Fire             3
   g - Mephitic Cloud                 Conjuration/Poison/Air       3
 l - a book of Geomancy

   Spells                             Type                      Level
   a - Sandblast                      Earth                        1
   b - Passwall                       Transmutation/Earth          2
   c - Stone Arrow                    Conjuration/Earth            3
   d - Petrify                        Transmutation/Earth          4
   e - Lee's Rapid Deconstruction     Earth                        5


   Skills:
 - Level 1.5 Dodging
 - Level 1.5 Stealth
 + Level 5.0 Spellcasting
 - Level 1.5 Conjurations
 * Level 4.0 Summonings
   Level 0.7 Translocations
 + Level 0.8 Invocations


You had 12 spell levels left.
You knew the following spells:

 Your Spells              Type           Power        Failure   Level  Hunger
a - Magic Dart            Conj           ##..         10%         1    N/A
b - Call Imp              Summ           ###.....     4%          2    N/A

Dungeon Overview and Level Annotations

Branches:
Dungeon (4/15)             Temple (0/1) D:4

Altars:
Elyvilon
Sif Muna
Uskayaw
Xom
Yredelemnul

Annotations:
D:3 1 runed door


Innate Abilities, Weirdness & Mutations

You do not eat or drink.
Your flesh is vulnerable to fire.
You are immune to poison.
Your flesh is cold resistant. (rC+)
You are immune to negative energy. (rN+++)
You are immune to unholy pain and torment.
You can survive without breathing.


Message History

The bullfrog skeleton completely resists.
The bullfrog skeleton hits your white imp but does no damage.
Your crimson imp blinks!
You barely miss the bullfrog skeleton.
The bullfrog skeleton is almost destroyed.
You hit the gnoll. You freeze the gnoll. The gnoll closely misses you.
The bullfrog skeleton barely misses you.
Your crimson imp hits the bullfrog skeleton.
Your white imp hits the bullfrog skeleton.
The bullfrog skeleton is destroyed!
Sif Muna accepts your kill.
Your Spellcasting skill increases to level 5!
The gnoll hits you from afar with a spear!
* * * LOW HITPOINT WARNING * * *
As you read the scroll of teleportation, it crumbles to dust.
You feel strangely unstable.
Your white imp hits the gnoll.
Your white imp freezes the gnoll.
Your crimson imp closely misses the gnoll.
The gnoll hits you from afar with a spear!
You die...

####>..................
#.........##.....##...#
#.##.#....##.....##....
#.##...%...............
#.#.......g######......
#.......g.## #......
#<.....5g.# #######
####..5g5.# #..@...#
#.....##### #.....#
#..... #..... ####+#


You could see 4 gnolls, 2 friendly crimson imps and a friendly white imp.

Vanquished Creatures
  A worker ant (D:4)
  5 adders
  An ooze (D:2)
  A worm (D:3)
  3 dart slugs
  2 giant cockroaches
  4 goblins
  7 hobgoblins
  6 jackals (D:1)
  2 ball pythons (D:1)
  8 bats
  4 frilled lizards
  6 kobolds
  A quokka skeleton (D:4)
  5 rats
56 creatures vanquished.

Vanquished Creatures (collateral kills)
  An ogre (D:4)
  2 scorpions
  A crimson imp (D:4)
  2 bullfrog skeletons (D:4)
  A human skeleton (D:3)
  2 worker ants (D:4)
  A hound skeleton (D:4)
  4 adders
  A worm (D:2)
  A dart slug (D:2)
  4 bats
  A giant cockroach (D:2)
  A hobgoblin (D:2)
  A jackal (D:1)
  5 kobolds
  A ball python (D:1)
  A frilled lizard (D:3)
  2 goblins
  A rat (D:2)
33 creatures vanquished.

Vanquished Creatures (others)
  A quokka (D:2)
1 creature vanquished.

Grand Total: 90 creatures vanquished

Notes
Turn   | Place    | Note
-------+----------+-------------------------------------------
     0 | D:1      | Jerry the Mummy Wizard began the quest for the Orb.
     0 | D:1      | Reached XP level 1. HP: 13/13 MP: 4/4
   198 | D:1      | Reached skill level 1 in Conjurations
   282 | D:1      | Reached XP level 2. HP: 19/19 MP: 1/6
   921 | D:1      | Learned a level 2 spell: Call Imp
  1174 | D:1      | Reached skill level 1 in Summonings
  1210 | D:1      | Reached XP level 3. HP: 24/24 MP: 4/8
  2425 | D:2      | Reached XP level 4. HP: 30/30 MP: 4/9
  2566 | D:2      | Found a white marble altar of Elyvilon.
  3027 | D:2      | Found a shimmering altar of Xom.
  3031 | D:2      | Reached skill level 4 in Spellcasting
  3422 | D:3      | Found a runed door.
  3422 | D:3      | Noticed a human
  3424 | D:3      | Found a basalt altar of Yredelemnul.
  3549 | D:3      | Found a faded altar of an unknown god.
  3567 | D:3      | Reached XP level 5. HP: 29/35 MP: 11/11
  3885 | D:3      | Found a deep blue altar of Sif Muna.
  3976 | D:3      | Became a worshipper of Sif Muna the Loreminder
  4025 | D:4      | Found a hide-covered altar of Uskayaw.
  4051 | D:4      | Noticed an ogre
  4107 | D:4      | Killed an ogre
  4313 | D:4      | Reached XP level 6. HP: 29/41 MP: 8/13
  4610 | D:4      | Found a staircase to the Ecumenical Temple.
  5397 | D:4      | Reached skill level 5 in Spellcasting
  5399 | D:4      | Slain by a gnoll

Skill      XL: |  1  2  3  4  5  6 |
---------------+-------------------+-----
Conjurations   | 1 |  1.5
Summonings     | 1 2 3 4 |  4.0
Spellcasting   | 4 5 |  5.0
Dodging        | |  1.5
Stealth        | |  1.5
Translocations | |  0.7
Invocations    | |  0.8

Action                   |  1- 3 |  4- 6 || total
-------------------------+-------+-------++-------
Melee: Mace              |    52 |       ||    52
       Hand axe          |    35 |   114 ||   149
 Cast: Magic Dart        |    66 |       ||    66
       Call Imp          |    19 |    45 ||    64
  Use: Scroll            |       |     5 ||     5
 Stab: Sleeping          |       |     2 ||     2
       Distracted        |       |     1 ||     1
Armor: Robe              |    47 |    14 ||    61
Dodge: Dodged            |   107 |    75 ||   182
